 Dungeon Crawl Stone Soup version 0.31-a0-1166-gae6a2ec (webtiles) character file.

Game seed: 8302621209295096719

59 PidgeyThePirate the Insei (level 4, -7/32 HPs)
             Began as a Djinni Shapeshifter on Dec 9, 2023.
             Mangled by Sigmund
             ... wielding a +0 scythe
              (12 damage)
             ... on level 2 of the Dungeon.
             The game lasted 00:02:37 (1300 turns).

PidgeyThePirate the Insei (Djinni Shapeshifter)     Turns: 1300, Time: 00:02:38

Health: -7/32      AC:  2    Str: 13    XL:     4   Next: 22%
Gold:   49         EV: 12    Int: 13    God:
                   SH:  0    Dex: 13

rFire   + +          .
                       - Unarmed
rCold   x . .        (no shield)
rNeg    . . .        a - +0 animal skin
rPois   ∞            (helmet currently unavailable)
rElec   +            (cloak currently unavailable)
rCorr   .            (gloves currently unavailable)
SInv    .            (boots unavailable)
Will    .....        (no amulet)
Stlth   +            (no ring)
HPRegen 0.25/turn    (no ring)
MPRegen 0.00/turn

%: infuse magic (-8 HP)
@: beast-form, flying, hasted, invisible (expiring), very quick
A: beast (slay +1), flying, sickness immunity, fire resistance 2, cold
vulnerability 1, float, innate caster, HP casting, extra vitality 1, electricity
resistance
a: Begin Untransformation


You were on level 2 of the Dungeon.
You were a hulking beast.
You visited 1 branch of the dungeon, and saw 2 of its levels.

You collected 49 gold pieces.

Inventory:

Armour
 a - a +0 animal skin (worn)
Jewellery
 m - a ring of ice
Talismans
 c - a beast talisman
 d - a flux talisman
Scrolls
 f - 3 scrolls of identify {unknown}
 g - a scroll of amnesia {unknown}
 k - 2 scrolls of noise {unknown}
 o - a scroll of blinking {unknown}
Potions
 b - a potion of lignification
 l - a potion of curing
 n - a potion of resistance {unknown}


   Skills:
 + Level 1.2 Fighting
 + Level 2.7 Dodging
 + Level 0.2 Stealth
 + Level 3.9 Unarmed Combat
 + Level 3.1 Shapeshifting


You knew the following spells:

 Your Spells              Type           Power      Damage    Failure   Level
a - Magic Dart            Conj           0%         1d3       30%         1
Your spell library was empty.

Dungeon Overview and Level Annotations

Branches:
Dungeon (2/15)

Altars:

Shops:
D:1 (

Annotations:
D:2 Sigmund


Innate Abilities, Weirdness & Mutations

You are a hulking beast.
Your limbs bulge with bestial killing power. (Slay +1)
You are flying.
You are immune to sickness and miasma.
You are immune to poison.
Your flesh is very heat resistant. (rF++)
You are vulnerable to cold. (rC-)
You float through the air rather than walking.
You learn spells naturally, not from books.
Your magical power is your life essence.
You have superior vitality. (+4 MHP)
You are resistant to electric shocks. (rElec)


Message History

Sigmund is severely wounded.
You hit Sigmund but do no damage.
Sigmund is severely wounded.
You closely miss Sigmund. Your punch misses Sigmund.
Sigmund is severely wounded.
Sigmund completely misses you.
You barely miss Sigmund.
Sigmund is severely wounded.
You hit Sigmund.
Sigmund is severely wounded.
Sigmund barely misses you.
You hit Sigmund.
Sigmund is severely wounded.
You barely miss Sigmund.
Sigmund is severely wounded.
You barely miss Sigmund.
Sigmund is severely wounded.
Sigmund gestures at you while chanting. The magic dart hits you!
You hit Sigmund.
Sigmund is severely wounded.
Sigmund points at you and mumbles some strange words.
The magic dart hits you!
* * * LOW HITPOINT WARNING * * *
You barely miss Sigmund.
Sigmund is severely wounded.
You closely miss Sigmund.
Sigmund is severely wounded.
You flicker for a moment.
Sigmund gestures at you while chanting. The magic dart hits you.
* * * LOW HITPOINT WARNING * * *
You closely miss Sigmund.
Sigmund is severely wounded.
Sigmund mumbles some strange words.
Sigmund flickers and vanishes!
Deactivating autopickup; reactivate with Ctrl-A.
You hit something. You closely miss something. Something hits you!
You die...

#.#......>....#.#
..........<...#.# #
#.###########.#.# #.
#.........###.#.# ###.#
#.......#:....#.> .....
#.#####.######### ......
#.#.......# ......######
#†.......## .....?{h...#
#........##
......#.##.###........##
..... #.#.............#
.... #.#..####.......#
... #.#..# #.......# ..
#.#..# #.......# #
#.#..# ##.###### #.#..#
#.# #.#.<# #.#


There were no monsters in sight!

Vanquished Creatures
  2 adders (D:2)
  A dart slug (D:1)
  5 ball pythons
  4 bats
  An endoplasm (D:1)
  4 giant cockroaches
  6 goblins
  4 hobgoblins
  2 kobolds (D:2)
  A quokka (D:1)
  A frilled lizard (D:2)
  6 rats (D:1)
37 creatures vanquished.

Notes
Turn   | Place    | Note
-------+----------+-------------------------------------------
     0 | D:1      | PidgeyThePirate the Djinni Shapeshifter began the quest for
                  | the Orb.
     0 | D:1      | Reached XP level 1. HP: 17/17 MP: 0/0
   135 | D:1      | Reached XP level 2. HP: 20/22 MP: 0/0
   378 | D:1      | Reached XP level 3. HP: 26/27 MP: 0/0
   378 | D:1      | Learned a level 1 spell: Magic Dart
   492 | D:1      | Found Woep's Weapon Shoppe.
  1116 | D:2      | Reached XP level 4. HP: 31/32 MP: 0/0
  1265 | D:2      | Noticed Sigmund
  1277 | D:2      | Gained mutation: You are resistant to electric shocks.
                  | (rElec) [potion of mutation]
  1300 | D:2      | Mangled by Sigmund

Illustrated notes

Levels and vault maps discovered:
D:1:      dpeg_arrival_renting, layout_loops_ring, serial_shops, shop,
          kennysheep_pointless_box
D:2:      minmay_diamond_boxcup, layout_basic, uniq_sigmund

Skill      XL: |  1  2 |
---------------+-------+-----
Shapeshifting  | 3 |  3.1
Fighting       | |  1.2
Dodging        | |  2.7
Stealth        | |  0.2
Unarmed Combat | |  3.9

Action                     |  1- 3 |  4- 6 || total
---------------------------+-------+-------++-------
  Melee: Unarmed           |   109 |    38 ||   147
         Punch             |     4 |       ||     4
    Use: Potion            |       |     5 ||     5
   Stab: Sleeping          |     1 |       ||     1
         Invisible         |       |     1 ||     1
 Armour: Animal skin       |    73 |    12 ||    85
  Dodge: Dodged            |    94 |    14 ||   108

Table legend: (Time is in decaauts)
 A = Elapsed time spent in this place.
 B = Non-inter-level travel time spent in this place.
 C = Inter-level travel time spent in this place.
 D = Time resting spent in this place.
 E = Time spent auto-exploring this place.
 F = Levels seen in this place.
 G = Mean time per level.
                   A        B        C        D        E       F      G
               +--------+--------+--------+--------+--------+-----+--------+
         Total |   1280 |   1256 |     24 |      0 |    896 |   2 |  640.0 |
       Dungeon |   1280 |   1256 |     24 |      0 |    896 |   2 |  640.0 |
               +--------+--------+--------+--------+--------+-----+--------+

Top non-repeatable levels by time:
     D:1: 852 daAuts
     D:2: 427 daAuts
